 Dungeon Crawl Stone Soup version 0.30-a0-778-g2ef04afb54 (webtiles) character file.

Game seed: 18039398009553509361

3897 AzureAlchemist the Arsonist (level 10, -2/56 HPs)
             Began as a Tengu Fire Elementalist on Feb 15, 2023.
             Was a Follower of Sif Muna.
             Engulfed by a cloud of flame (7 damage)
             ... on level 8 of the Dungeon.
             The game lasted 00:35:49 (8629 turns).

AzureAlchemist the Arsonist (TeFE)                  Turns: 8629, Time: 00:35:50

Health: -2/56      AC:  3    Str:  9    XL:     10   Next: 20%
Magic:  7/21       EV: 14    Int: 19    God:    Sif Muna [*.....]
Gold:   563        SH:  0    Dex: 15    Spells: 13/23 levels left

rFire   + . .      SeeInvis .    c - +0 spear
rCold   + . .      Faith    .    (no shield)
rNeg    + . .      Spirit   .    y - +1 robe {Archmagi}
rPois   +          Reflect  .    (helmet restricted)
rElec   .          Harm     .    u - scarf {rC+ rF+}
rCorr   .          Rampage  .    (no gloves)
Will    .....      Archmagi +    (boots unavailable)
Stlth   ++                       (no amulet)
HPRegen 0.29/turn                e - ring of poison resistance
MPRegen 0.17/turn                w - ring of positive energy

@: flying quickly and evasively, quick
A: beak, talons 3, nimble flight
a: Renounce Religion, Channel Magic


You were on level 8 of the Dungeon.
You worshipped Sif Muna.
Sif Muna was aware of your devotion.
You visited 2 branches of the dungeon, and saw 9 of its levels.

You collected 563 gold pieces.

Inventory:

Hand Weapons
 a - a +2 dagger of holy wrath
 c - a +0 spear (weapon)
Missiles
 q - 4 curare-tipped darts
Armour
 r - a +0 ring mail of cold resistance
 u - a scarf of resistance (worn)
 y - a +1 robe of the Archmagi (worn)
Jewellery
 e - a ring of poison resistance (left hand)
 w - a ring of positive energy (right hand)
Scrolls
 f - 2 scrolls of poison {unknown}
 g - 5 scrolls of teleportation {unknown}
 h - 3 scrolls of identify {unknown}
 i - a scroll of vulnerability {unknown}
 j - 3 scrolls of noise {unknown}
 k - a scroll of enchant weapon {unknown}
 o - a scroll of blinking {unknown}
 p - 4 scrolls of amnesia {unknown}
 s - a scroll of fog {unknown}
 x - a scroll of fear {unknown}
 C - 2 scrolls of enchant armour {unknown}
 D - a scroll of magic mapping {unknown}
Potions
 b - a potion of magic
 d - 3 potions of curing {unknown}
 l - a potion of brilliance {unknown}
 m - a potion of degeneration {unknown}
 n - a potion of might {unknown}
 t - 2 potions of mutation {unknown}
 v - a potion of lignification {unknown}
 z - a potion of heal wounds {unknown}
 A - 2 potions of attraction {unknown}
 B - a potion of flight {unknown}


   Skills:
 + Level 3.0 Fighting
 - Level 2.1 Dodging
 - Level 2.0 Stealth
 - Level 7.0 Spellcasting
 - Level 8.0 Conjurations
 - Level 6.0 Hexes
 - Level 8.0 Fire Magic


You had 13 spell levels left.
You knew the following spells:

 Your Spells              Type           Power      Damage    Failure   Level
a - Foxfire               Conj/Fire      100%       2x1d9     1%          1
b - Scorch                Fire           100%       2d10      1%          2
c - Inner Flame           Hex/Fire       49%        N/A       1%          3
d - Flame Wave            Conj/Fire      53%        2d13      3%          4

Your spell library contained the following spells:

 Spells                   Type           Power      Damage    Failure   Level
 Magic Dart               Conj           100%       1d8       1%          1
 Shock                    Conj/Air       100%       1d9       1%          1
 Searing Ray              Conj           100%       2d8       1%          2
 Fulminant Prism          Conj/Hex       24%        3d12      5%          4
 Beastly Appendage        Tmut           18%        N/A       10%         1
 Kindle Blastsparks       Fire/Tloc/Air  50%        2d14      11%         3
 Lesser Beckoning         Tloc           18%        N/A       16%         2
 Wereblood                Tmut           9%         N/A       16%         2
 Gell's Gravitas          Tloc           9%         N/A       30%         3
 Spider Form              Tmut/Pois      9%         N/A       30%         3
 Swiftness                Air            9%         N/A       30%         3
 Teleport Other           Tloc           9%         N/A       30%         3
 Airstrike                Air            4%         2d(1-17)  69%         4


Dungeon Overview and Level Annotations

Branches:
Dungeon (8/15)             Temple (1/1) D:5
   Lair: D:8-11

Altars:
Elyvilon
Fedhas
Gozag
Hepliaklqana
Kikubaaqudgha
Makhleb
Okawaru
Qazlal
Sif Muna
Trog
Uskayaw
Wu Jian
Xom
Yredelemnul
Zin
The Shining One

Shops:
D:5 (


Innate Abilities, Weirdness & Mutations

You have a beak for a mouth.
You have claws for feet.
Your magical nature lets you fly swiftly and evasively.


Message History

The foxfire hits the killer bee.
Flame seeps out of the killer bee.
The killer bee is moderately wounded.
The foxfire hits the killer bee but does no damage.
The killer bee is moderately wounded.
The killer bee is engulfed in blazing flames.
Flame seeps out of the killer bee.
A killer bee comes into view.
Casting: Inner Flame (safe; 1% risk of failure)
Confirm with . or Enter, or press ? or * to list all spells.
Casting: Flame Wave (dangerous; 3% risk of failure)
Press: ? - help, Dir - look around, f - activate You feel a surge of power!
A wave of flame ripples out!
The flame wave engulfs the killer bee!
Sif Muna accepts your kill. (Press . to intensify the flame waves.)
The killer bee explodes!
The fiery explosion engulfs you! You resist.
You are engulfed in blazing flames.
You resist.
The wyvern is engulfed in blazing flames.
An orc priest comes into view. It is wielding a +0 dagger.
The wyvern is engulfed in blazing flames.
A wave of flame ripples out!
The flame wave engulfs the wyvern!
The wyvern is almost dead.
You are engulfed in blazing flames.
You resist.
A centaur comes into view.
The wyvern closely misses you.
The centaur wields a +0 shortbow.
The centaur shoots an arrow.
The arrow hits you!
* * * LOW HITPOINT WARNING * * *
An orc comes into view. It is wielding a +2 heavy flail.
A wave of flame ripples out!
The flame wave engulfs the wyvern.
You kill the wyvern!
Sif Muna accepts your kill.
You finish channelling waves of flame.
You are engulfed in blazing flames.
You resist.
* * * LOW HITPOINT WARNING * * *
You hear a shout!
The centaur shoots an arrow.
The arrow completely misses you.
Your Fighting skill increases to level 3!
You are engulfed in blazing flames.
You resist.
You die...

##### # .... ####
./ ... ..#####...
#.# #....<....
##.#####.........
#...........$....
#................
#.)...§§.........
#....@.§y........
#....§.§§........
#.....§)§......§.
#..>..§§§........
#.......o.o.c....
##.....####o....
......# ....
.......# ..


You could see a centaur, a killer bee, an orc priest and 2 orcs.

Vanquished Creatures
  A two-headed ogre (D:7)
  2 wyverns
  2 water moccasins (D:6)
  An orc warrior (D:7)
  3 black bears
  2 sky beasts (D:6)
  2 ice beasts
  2 ogres
  2 centaurs
  Blork the orc (D:4)
  A phantom (D:6)
  3 bullfrogs (D:7)
  4 scorpions
  A necrophage (D:4)
  12 killer bees
  A jelly (D:7)
  6 orc priests
  A hound (D:5)
  2 iguanas
  5 orc wizards
  4 gnolls (D:6)
  8 adders
  A shadow imp (D:7)
  2 white imps (D:7)
  2 worms
  A dart slug (D:2)
  17 orcs
  3 bats
  7 endoplasms
  2 giant cockroaches
  4 goblins
  7 hobgoblins
  9 kobolds
  4 quokkas
  6 ball pythons
  4 frilled lizards
  7 rats
142 creatures vanquished.

Vanquished Creatures (others)
  An orc priest (D:7)
  394 foxfires
395 creatures vanquished.

Grand Total: 537 creatures vanquished

Notes
Turn   | Place    | Note
-------+----------+-------------------------------------------
     0 | D:1      | AzureAlchemist the Tengu Fire Elementalist began the quest
                  | for the Orb.
     0 | D:1      | Reached XP level 1. HP: 10/10 MP: 4/4
    70 | D:1      | Found a faded altar of an unknown god.
   493 | D:1      | Reached XP level 2. HP: 15/15 MP: 3/6
  1218 | D:2      | Learned a level 2 spell: Scorch
  1231 | D:2      | Reached XP level 3. HP: 19/19 MP: 4/8
  1497 | D:2      | Learned a level 3 spell: Inner Flame
  1935 | D:2      | Reached XP level 4. HP: 24/24 MP: 7/10
  2129 | D:2      | Learned a level 4 spell: Flame Wave
  2472 | D:3      | Reached skill level 1 in Hexes
  2472 | D:3      | Gained mutation: Your magical nature lets you fly swiftly
                  | and evasively. [Tengu growth]
  2472 | D:3      | Reached XP level 5. HP: 28/28 MP: 7/12
  3471 | D:4      | Reached XP level 6. HP: 32/32 MP: 6/13
  3604 | D:4      | Noticed Blork the orc
  4274 | D:5      | Entered Level 5 of the Dungeon
  4274 | D:5      | Noticed an ice beast
  4278 | D:5      | Killed an ice beast
  4327 | D:5      | Found a staircase to the Ecumenical Temple.
  4333 | Temple   | Entered the Ecumenical Temple
  4501 | D:5      | Reached XP level 7. HP: 14/36 MP: 7/14
  4713 | D:5      | Found Yniel's Antique Weapon Boutique.
  4999 | D:5      | Found a bloodstained altar of Trog.
  5155 | D:5      | Reached skill level 5 in Conjurations
  5481 | D:5      | Reached XP level 8. HP: 41/41 MP: 6/15
  5718 | D:4      | Killed Blork the orc
  5719 | D:4      | Reached skill level 5 in Fire Magic
  6482 | D:6      | Found a glowing silver altar of Zin.
  6634 | D:6      | Found a shimmering blue altar of Sif Muna.
  6634 | D:6      | Found a blossoming altar of Fedhas.
  6634 | D:6      | Found a shimmering altar of Xom.
  6644 | D:6      | Became a worshipper of Sif Muna the Loreminder
  7085 | D:7      | Noticed a two-headed ogre
  7095 | D:7      | Killed a two-headed ogre
  7096 | D:7      | Reached skill level 5 in Hexes
  7096 | D:7      | Reached XP level 9. HP: 45/45 MP: 9/16
  7570 | D:7      | Reached skill level 5 in Spellcasting
  7600 | D:7      | Found a glowing silver altar of Zin.
  7669 | D:7      | Found a stormy altar of Qazlal.
  7830 | D:7      | Found a basalt altar of Yredelemnul.
  8030 | D:7      | Reached * piety under Sif Muna
  8031 | D:7      | Reached XP level 10. HP: 37/50 MP: 2/20
  8551 | D:8      | Reached skill level 1 in Fighting
  8629 | D:8      | Engulfed by a cloud of flame

Illustrated notes

Levels and vault maps discovered:
D:1:      dpeg_arrival_shelter, layout_loops_corners,
          ebering_ecumenical_altar_hall
D:2:      layout_loops_ring
D:3:      layout_loops_ring
D:4:      layout_layer_cave, chequers_serial_rivers_small_a, uniq_blork_the_orc
D:5:      layout_rooms, trog_book, nicolae_overflow_hidden_temple,
          minmay_temple_entry_hall, serial_corexii_hall,
          chequers_hall_statues_wall_a, corexii_hall_statues_s,
          chequers_hall_statues_corner_a, serial_shops, nicolae_shop_waterfront,
          minmay_door_square
D:6:      layout_basic, mainiacjoe_overflow_six_doors_small,
          chequers_temple_overflow_statue_of_worship
D:7:      layout_basic, nicolae_qazlal_scattered_showers,
          yredelemnul_altar_generic, minmay_ruined_shrine
D:8:      layout_rooms, vehumet_altar_wand_db, mainiacjoe_overflow_alcove_1,
          ebering_ghost_inner_flame
Temple:   nicolae_temple_ecumenical_triangle

Skill      XL: |  1  2  3  4  5  6  7  8  9 10 |
---------------+-------------------------------+-----
Spellcasting   | 3 4 6 7 |  7.0
Hexes          | 1 3 4 5 6 |  6.0
Fire Magic     | 4 8 |  8.0
Conjurations   | 2 6 8 |  8.0
Fighting       | 3 |  3.0
Dodging        | |  2.1
Stealth        | |  2.0

Action                     |  1- 3 |  4- 6 |  7- 9 | 10-12 || total
---------------------------+-------+-------+-------+-------++-------
  Melee: Spear             |    10 |    15 |     8 |       ||    33
         Peck              |     2 |     1 |     2 |       ||     5
         Kick              |     1 |     5 |     2 |       ||     8
         Punch             |     1 |       |     1 |       ||     2
   Cast: Foxfire           |    46 |    68 |   109 |    12 ||   235
         Scorch            |     6 |     7 |    16 |     1 ||    30
         Inner Flame       |       |     1 |    29 |     6 ||    36
         Flame Wave        |       |       |     2 |     2 ||     4
   Stab: Sleeping          |     1 |     2 |       |       ||     3
 Armour: Robe              |       |     7 |     3 |     1 ||    11
  Dodge: Dodged            |     5 |    16 |    20 |     2 ||    43

Table legend: (Time is in decaauts)
 A = Elapsed time spent in this place.
 B = Non-inter-level travel time spent in this place.
 C = Inter-level travel time spent in this place.
 D = Time resting spent in this place.
 E = Time spent auto-exploring this place.
 F = Levels seen in this place.
 G = Mean time per level.
                   A        B        C        D        E       F      G
               +--------+--------+--------+--------+--------+-----+--------+
         Total |   8269 |   7950 |    319 |   1048 |   5669 |   9 |  918.8 |
       Dungeon |   8202 |   7883 |    319 |   1048 |   5652 |   8 | 1025.2 |
        Temple |     66 |     66 |      0 |      0 |     16 |   1 |   66.0 |
               +--------+--------+--------+--------+--------+-----+--------+

Top non-repeatable levels by time:
     D:4: 1546 daAuts
     D:7: 1460 daAuts
     D:5: 1278 daAuts
     D:2: 1104 daAuts
     D:1: 1059 daAuts
     D:6: 969 daAuts
     D:3: 751 daAuts
  Temple: 66 daAuts
     D:8: 31 daAuts
